 Dungeon Crawl Stone Soup version 0.17-a0-854-g4a4ba72 (webtiles) character file.

236 FedoraBrony69 the Skirmisher (level 5, -3/50 HPs)
             Began as a Minotaur Berserker on Apr 28, 2015.
             Was a Priest of Trog.
             Slain by a gnoll
             ... wielding a +0 spear
              (4 damage)
             ... on level 3 of the Dungeon.
             The game lasted 00:03:55 (1707 turns).

FedoraBrony69 the Skirmisher (Minotaur Berserker)   Turns: 1707, Time: 00:03:55

Health: -3/50      AC:  9    Str: 23    XL:     5   Next: 77%
Magic:  4/4        EV:  4    Int:  4    God:    Trog [***...]
Gold:   101        SH: 12    Dex:  9    Spells: 0 memorised, 4 levels left

rFire  . . .     SeeInvis .     a - +0 mace
rCold  . . .     Clarity  .     p - +0 chain mail
rNeg   . . .     SustAb   .     h - +0 large shield
rPois  .         Gourm    .     (helmet restricted)
rElec  .         Spirit   .     (no cloak)
rCorr  .         Warding  .     (no gloves)
rMut   .         Stasis   .     (no boots)
MR     .....                    (no amulet)
Stlth  ..........               (no ring)
                                (no ring)

@: exhausted, starving, hasted and slowed, not resistant to hostile
enchantments, extremely unstealthy
A: retaliatory headbutt, horns 2
a: Burn Spellbooks, Berserk, Trog's Hand, Renounce Religion


You were on level 3 of the Dungeon.
You worshipped Trog.
Trog was most pleased with you.
You were starving.

You visited 1 branch of the dungeon, and saw 3 of its levels.

You collected 101 gold pieces.

Inventory:

Hand weapons
 a - a +0 mace (weapon)
Armour
 h - a +0 large shield (worn)
 p - a +0 chain mail (worn)
Scrolls
 e - 3 scrolls of identify
 g - 3 scrolls of magic mapping {unknown}
 l - 2 scrolls of teleportation {unknown}
 m - a scroll of fog {unknown}
Potions
 f - a potion of ambrosia
 i - a potion of brilliance {unknown}
 j - a potion of heal wounds {unknown}
 k - a potion of restore abilities {unknown}
 n - a potion of agility {unknown}
 o - a potion of beneficial mutation {unknown}
 q - a potion of mutation {unknown}
 r - a potion of curing {unknown}
Comestibles
 c - 4 bread rations


   Skills:
 * Level 5.9 Fighting
 + Level 4.6 Maces & Flails
 + Level 3.3 Armour
 * Level 3.8 Dodging


You had 4 spell levels left.
You didn't know any spells.

Dungeon Overview and Level Annotations

Branches:
Dungeon (3/15)

Altars:
Makhleb
Okawaru


Innate Abilities, Weirdness & Mutations

You reflexively headbutt those who attack you in melee.
You have a pair of horns on your head.


Message History

You headbutt the orc priest.
The orc priest is heavily wounded.
The gnoll hits you with a spear!
* * * LOW HITPOINT WARNING * * *
The orc priest calls down the wrath of Beogh upon you.
Pain shoots through your body!
* * * LOW HITPOINT WARNING * * *
You block the gnoll's attack.
The orc priest's eyes start to glow.
You block the gnoll's attack. The gnoll hits you but does no damage.
The orc priest hits you but does no damage.
The gnoll hits you but does no damage.
Use which ability? (? or * to list)
Okay, then.
Unknown command.
Drink which item? (? for menu, Esc to quit)
It was a potion of haste.
You feel yourself speed up. You block the gnoll's attack.
You block the orc priest's attack. The gnoll hits you with a spear.
You die...

#### ..<######### #### ..
............ ...###...
...######### #....[....
...# #.........
...############......#
..............'))o.#.#...
..#####...#####.@g.._...#
..# #...# #..g.#.#..# ..#
#...# #......# ..# #...#
#.....## ### #...#
####+## #...# #...# #####


You could see an orc priest and 2 gnolls.

Vanquished Creatures
  An orc wizard (D:3)
  Terence (D:2)
  Robin (D:3)
  5 gnolls
  3 adders
  2 oozes (D:1)
  A worm (D:2)
  2 giant geckos (D:1)
  4 orcs (D:3)
  9 bats
  A giant cockroach (D:3)
  11 hobgoblins
  8 jackals
  A quokka (D:3)
  5 giant newts
  17 goblins
  7 kobolds
  8 rats
87 creatures vanquished.

Notes
Turn   | Place    | Note
--------------------------------------------------------------
     0 | D:1      | FedoraBrony69, the Minotaur Berserker, began the quest for the Orb.
     0 | D:1      | Reached XP level 1. HP: 19/19 MP: 0/0
   132 | D:1      | Reached skill level 4 in Fighting
   183 | D:1      | Reached XP level 2. HP: 25/27 MP: 1/1
   504 | D:1      | Acquired Trog's second power
   504 | D:1      | Reached XP level 3. HP: 31/34 MP: 2/2
   651 | D:2      | Noticed Terence
   659 | D:2      | Killed Terence
   659 | D:2      | Reached skill level 5 in Fighting
   659 | D:2      | Reached XP level 4. HP: 10/42 MP: 3/3
  1001 | D:2      | Found a burning altar of Makhleb.
  1266 | D:2      | Reached XP level 5. HP: 46/48 MP: 4/4
  1444 | D:3      | Noticed Robin
  1466 | D:3      | Killed Robin
  1678 | D:3      | Found an iron altar of Okawaru.
  1706 | D:3      | HP: 1/50 [orc priest/nerve-wracking pain (8)]
  1707 | D:3      | Slain by a gnoll

Action                   |  1- 3 |  4- 6 || total
-------------------------+-------+-------++-------
Melee: Mace              |    80 |   130 ||   210
Invok: Berserk           |     1 |     2 ||     3
  Use: Scroll            |       |     2 ||     2
       Potion            |       |     1 ||     1
  Eat: Chunk             |       |     4 ||     4
